 Dungeon Crawl Stone Soup version 0.29-a0-330-g52719c12eb (webtiles) character file.

Game seed: 9347584152384674446

100919 kae the Arsonist (level 15, -1/121 HPs)
             Began as a Demigod Fire Elementalist on May 10, 2022.
             Constricted to death by a tentacled monstrosity (7 damage)
             ... on level 1 of the Snake Pit.
             The game lasted 00:54:28 (38722 turns).

kae the Arsonist (Demigod Fire Elementalist)       Turns: 38722, Time: 00:54:29

Health: -1/121     AC: 20    Str: 12    XL:     15   Next: 36%
Magic:  17/36      EV: 18    Int: 43    God:
Gold:   2240       SH:  5    Dex: 14    Spells: 4/38 levels left

rFire   + . .      SeeInvis +   m - staff of fire
rCold   . . .      Faith    .   I - +0 buckler "Deid" {rElec}
rNeg    . . .      Spirit   .   d - +1 swamp dragon scales
rPois   +          Reflect  .   F - +2 hat {SInv}
rElec   +          Harm     .   g - +2 cloak
rCorr   .          Rampage  .   L - +2 pair of gloves {Str+3}
Will    +....                   S - +2 pair of boots
Stlth   +.........              D - amulet of regeneration
HPRegen 1.10/turn               U - ring of the Hare {EV+8}
MPRegen 0.25/turn               e - +6 ring of intelligence

@: constricted, studying Axes
A: high MP 1, forlorn, divine attributes
a: no special abilities


You were on level 1 of the Snake Pit.
You visited 5 branches of the dungeon, and saw 25 of its levels.
You also visited: Ossuary and Gauntlet.

You collected 2240 gold pieces.

Inventory:

Missiles
 u - 5 throwing nets
Armour
 d - +1 swamp dragon scales (worn)
 g - a +2 cloak (worn)
 o - the +1 leather armour of Vanity {*Corrode rC+ Dex+6 SInv}
   (You found it on level 4 of the Dungeon)

   Dex:       It affects your dexterity (+6).
   rC:        It protects you from cold.
   SInv:      It lets you see invisible.
   *Corrode:  It may corrode you when you take damage.
 F - a +2 hat of see invisible (worn)
 I - the +0 buckler "Deid" (worn) {rElec}
   (You acquired it on level 10 of the Dungeon)

   rElec:     It insulates you from electricity.
 L - a +2 pair of gloves of strength (worn)
 S - a +2 pair of boots (worn)
Magical Staves
 m - a staff of fire (weapon)
Jewellery
 a - a ring of poison resistance
 e - a +6 ring of intelligence (right hand)
 j - a ring of wizardry
 y - a ring of protection from fire
 D - an amulet of regeneration (around neck)
 Q - a ring of see invisible
 U - the ring of the Hare (left hand) {EV+8}
   (You found it on level 6 of the Lair of Beasts)

   [ring of evasion]

   EV:        It affects your evasion (+8).
 X - a ring of flight
 Z - a ring of protection from fire
Wands
 f - a wand of acid (4)
 k - a wand of iceblast (7)
 l - a wand of flame (46)
 v - a wand of polymorph (7)
 z - a wand of digging (5)
 A - a wand of paralysis (16)
 H - a wand of mindburst (3)
 T - a wand of charming (5)
Scrolls
 x - 3 scrolls of fear
 C - a scroll of brand weapon
 E - 2 scrolls of amnesia
 G - 2 scrolls of teleportation
 J - 8 scrolls of identify
 K - a scroll of silence
 R - a scroll of magic mapping
 Y - 4 scrolls of fog
Potions
 b - a potion of magic
 c - a potion of invisibility
 i - 10 potions of curing
 n - 6 potions of mutation
 p - 3 potions of ambrosia
 q - 5 potions of flight
 r - 5 potions of haste
 s - a potion of resistance
 t - 10 potions of attraction
 w - 4 potions of might
 B - 6 potions of heal wounds
 M - a potion of berserk rage
 V - 9 potions of brilliance
 W - 5 potions of cancellation
Miscellaneous
 N - a condenser vane
 O - a phantom mirror
 P - a tin of tremorstones (2/2)


   Skills:
 - Level 8.0 Fighting
 - Level 4.0 Armour
 - Level 8.0 Dodging
 - Level 1.7 Stealth
 - Level 3.0 Shields
 - Level 12.0 Spellcasting
 - Level 12.6 Conjurations
 + Level 13.4 Fire Magic
 + Level 3.8 Air Magic
 - Level 8.0 Evocations


You had 4 spell levels left.
You knew the following spells:

 Your Spells              Type           Power      Damage    Failure   Level
a - Foxfire               Conj/Fire      100%       2x1d9     0%          1
b - Scorch                Fire           100%       2d10      1%          2
c - Conjure Flame         Conj/Fire      100%       6-21      1%          3
d - Inner Flame           Hex/Fire       90%        N/A       1%          3
e - Flame Wave            Conj/Fire      100%       2d17      1%          4
f - Sticky Flame          Conj/Fire      100%       2d11      1%          4
g - Fireball              Conj/Fire      59%        3d23      1%          5
h - Ignition              Fire           59%        3d16      65%         8
i - Airstrike             Air            28%        N/A       7%          4

Your spell library contained the following spells:

 Spells                   Type           Power      Damage    Failure   Level
 Static Discharge         Conj/Air       77%        N/A       1%          2
 Dazzling Flash           Conj/Hex       100%       N/A       1%          3
 Ignite Poison            Fire/Tmut/Pois 77%        N/A       1%          3
 Stone Arrow              Conj/Erth      100%       3d13      1%          3
 Poisonous Vapours        Pois/Air       84%        N/A       2%          2
 Beastly Appendage        Tmut           50%        N/A       3%          1
 Slow                     Hex            100%       N/A       3%          1
 Sting                    Tmut/Pois      100%       1d8       3%          1
 Blink                    Tloc           50%        N/A       4%          2
 Ensorcelled Hibernation  Hex/Ice        50%        N/A       4%          2
 Wereblood                Tmut           25%        N/A       4%          2
 Confusing Touch          Hex            25%        N/A       10%         3
 Spider Form              Tmut/Pois      25%        N/A       10%         3
 Vampiric Draining        Necr           25%        2d7       10%         3
 Summon Lightning Spire   Summ/Air       42%        N/A       14%         4
 Anguish                  Hex/Necr       12%        N/A       32%         4
 Animate Armour           Summ/Erth      50%        N/A       32%         4
 Dispel Undead            Necr           25%        3d12      32%         4
 Olgreb's Toxic Radiance  Pois           25%        N/A       32%         4
 Iskenderun's Battlesphe  Conj           94%        2d14      1%          5
 Lightning Bolt           Conj/Air       38%        1d57      3%          5
 Silence                  Hex/Air        21%        N/A       38%         5
 Agony                    Necr           25%        N/A       65%         5
 Manifold Assault         Tloc           25%        N/A       65%         5
 Spellforged Servitor     Conj/Summ      34%        N/A       91%         7
 Summon Cactus Giant      Summ           12%        N/A       99%         6
 Storm Form               Tmut/Air       21%        N/A       100%        7
 Lehudib's Crystal Spear  Conj/Erth      34%        10d9      100%        8
 Fire Storm               Conj/Fire      59%        8d15      100%        9


Dungeon Overview and Level Annotations

Branches:
Dungeon (15/15)            Temple (1/1) D:5            Lair (6/6) D:8
  Swamp (0/4) Lair:2        Snake (1/4) Lair:2        Slime (2/5) Lair:5
    Orc (0/2) D:10         Vaults (0/5) D:14         Depths (0/4) D:15
Ossuary (visited)         Gauntlet (visited)

Shops:
D:10 (   D:15 ?

Portals:
Abyss: Lair:6
Trove: D:10 (give +5 demon whip)

Annotations:
D:14 Roxanne
Lair:3 exclusion: 2 hell hounds
Lair:4 exclusion: 3 death yaks
Lair:5 exclusion: oklob plant
Snake:1 1 runed translucent door


Innate Abilities, Weirdness & Mutations

You have an increased reservoir of magic. (+10% MP)
You shall have no god before yourself.
Your divine heritage dramatically boosts your attributes as you level up.


Message History

The tentacled monstrosity constricts you!
* * * LOW HITPOINT WARNING * * *
Casting: Flame Wave (safe; 1% risk of failure)
Confirm with . or Enter, or press ? or * to list all spells.
Casting: Flame Wave (safe; 1% risk of failure)
Press: ? - help, Dir - look around, f - activate You feel a surge of power!
A wave of flame ripples out!
The flame wave engulfs the tentacled monstrosity.
The tentacled monstrosity resists.
The tentacled monstrosity is almost dead. (Press . to intensify the flame waves.)
The tentacled monstrosity barely misses you.
The tentacled monstrosity tentacle-slaps you.
* * * LOW HITPOINT WARNING * * *
The tentacled monstrosity closely misses you.
The tentacled monstrosity constricts you.
* * * LOW HITPOINT WARNING * * *
A wave of flame ripples out!
The flame wave engulfs the tentacled monstrosity.
The tentacled monstrosity resists.
The tentacled monstrosity is almost dead.
You block the tentacled monstrosity's attack.
The tentacled monstrosity closely misses you.
The tentacled monstrosity misses you.
The tentacled monstrosity constricts you.
* * * LOW HITPOINT WARNING * * *
A wave of flame ripples out!
The flame wave engulfs the tentacled monstrosity.
The tentacled monstrosity resists.
The tentacled monstrosity is almost dead.
You finish channelling waves of flame.
You hear an angry hiss.
The black mamba is engulfed in a cloud of scalding steam.
The tentacled monstrosity tentacle-slaps you.
* * * LOW HITPOINT WARNING * * *
The tentacled monstrosity closely misses you.
The tentacled monstrosity tentacle-slaps you!
* * * LOW HITPOINT WARNING * * *
The tentacled monstrosity constricts you!
You die...

.......#≈≈≈.≈#≈≈..≈≈≈#≈#≈#
..
..##...##≈.≈≈≈≈≈..≈≈###≈≈#
.
..##...#≈≈≈≈≈≈≈≈≈≈.≈≈#≈≈≈#
......###≈#≈#≈#≈#P.≈≈≈≈#≈#
#......#≈≈##≈≈≈≈≈.≈≈≈#≈#≈.
#......#≈≈#≈≈≈≈≈≈.§§≈≈≈≈≈
##.....#≈≈≈≈≈≈§§§..§≈≈≈≈≈.
#.....#≈≈≈≈≈≈#§§§§§≈≈≈≈≈.
#.....#≈#≈≈##≈#@§####≈≈≈.
##.....# ≈≈≈≈§§§§X§≈#≈≈≈≈#
#......########§§S§§≈≈≈≈##
.....#........§..§.......
....##........###........
.####........## .........
#...........## ..........
≈####≈≈≈####≈≈...........
##..##≈## #≈≈≈≈≈.......


You could see a tentacled monstrosity and a black mamba.

Vanquished Creatures
  A tentacled monstrosity (Lair:2)
  Jorgrun (D:12)
  Kirke (D:14)
  A thorn hunter (Snake:1)
  Gastronok (D:9)
  An ironbound preserver (D:14)
  A dire elephant (D:15)
  A minotaur (Gauntlet)
  An ice dragon (D:11)
  An ogre mage (D:15)
  A naga warrior (Snake:1)
  7 hydras
  4 boulder beetles
  2 catoblepae
  14 two-headed ogres
  2 anacondas (Snake:1)
  5 centaur warriors
  A death knight (D:11)
  2 alligators (Snake:1)
  3 tengu warriors (D:14)
  8 death yaks
  Urug (Lair:1)
  3 thrashing horrors (Lair:6)
  The ghost of kaladindcss the Carver, a novice MiFi of Okawaru (D:6)
  A fire crab (shapeshifter) (D:14)
  Lodul (D:12)
  A sea snake (shapeshifter) (D:15)
  4 swamp dragons (Snake:1)
  A deep troll (shapeshifter) (D:11)
  4 deep elf pyromancers
  2 ugly things (Lair:6)
  A mana viper (Snake:1)
  2 salamanders (Snake:1)
  2 wolf spiders
  3 manticores (D:12)
  9 cyclopes
  9 black mambas
  3 naga magi (Snake:1)
  2 torpor snails
  A smoke demon (Lair:5)
  4 cane toads
  3 gargoyles
  A freezing wraith (D:11)
  2 unseen horrors (D:11)
  Maggie (D:7)
  A kobold demonologist (D:11)
  2 large abominations (Lair:6)
  A hellion (Gauntlet)
  A tengu conjurer (D:11)
  2 efreet (D:14)
  2 guardian mummies (D:10)
  Psyche (D:9)
  An ancient zyme (Lair:6)
  9 komodo dragons
  7 trolls
  3 hornets
  3 meliai (D:15)
  2 polar bears
  8 slime creatures
  3 tyrant leeches
  21 blink frogs
  A slime creature (shapeshifter) (Lair:6)
  Grinder (D:3)
  9 small abominations (Lair:6)
  A centaur simulacrum (D:11)
  A shadow (D:12)
  2 ynoxinuls (Lair:6)
  A culicivora (shapeshifter) (Lair:6)
  A wraith (Ossuary)
  2 water elementals (D:15)
  42 yaks
  5 wyverns
  A golden eye (D:15)
  6 basilisks
  19 vampire mosquitoes
  Grum (D:8)
  5 hogs (D:14)
  A chaos spawn (Lair:6)
  6 swamp worms
  7 nagas
  17 water moccasins
  A hell hound (Gauntlet)
  5 acid dragons
  2 swamp drakes
  2 ice beasts
  6 orc warriors
  A black bear (Lair:4)
  5 ogres
  2 sky beasts (D:7)
  5 wolves
  3 centaurs
  A kobold brigand (D:8)
  2 necrophages
  14 bullfrogs
  3 scorpions
  2 gnoll sergeants
  14 wights
  10 killer bees
  4 howler monkeys
  3 electric eels
  6 jellies
  3 hounds
  6 orc priests
  2 gnoll shamans
  Jessica (D:2)
  Natasha (thrice) (D:2)
  19 hell rats
  17 orc wizards
  3 iguanas
  3 mummies (Ossuary)
  23 gnolls
  Robin (D:2)
  A river rat (D:8)
  6 adders
  2 shadow imps (D:7)
  3 white imps
  3 ufetubi
  3 worms
  2 dart slugs
  44 orcs
  A ball python (D:2)
  5 bats
  10 endoplasms
  5 giant cockroaches
  15 goblins
  9 hobgoblins
  3 jackals (D:3)
  2 quokkas
  8 frilled lizards
  2 gnoll zombies (Ossuary)
  A goblin zombie (Ossuary)
  6 hobgoblin zombies (Ossuary)
  15 kobolds
  3 kobold zombies (Ossuary)
  6 rats
  2 bushes (Lair:6)
646 creatures vanquished.

Vanquished Creatures (collateral kills)
  6 foxfires
6 creatures vanquished.

Vanquished Creatures (others)
  Maurice (D:12)
  A small abomination (Lair:6)
  2270 foxfires
  22 fungi
  48 plants
  A withered plant (Gauntlet)
2343 creatures vanquished.

Grand Total: 2995 creatures vanquished

Notes
Turn   | Place    | Note
-------+----------+-------------------------------------------
     0 | D:1      | kae the Demigod Fire Elementalist began the quest for the
                  | Orb.
     0 | D:1      | Reached XP level 1. HP: 14/14 MP: 5/5
   290 | D:1      | Reached skill level 1 in Conjurations
  1014 | D:1      | Reached XP level 2. HP: 22/22 MP: 1/7
  1356 | D:2      | Noticed Robin
  1372 | D:1      | Learned a level 2 spell: Scorch
  2057 | D:2      | Killed Robin
  2058 | D:2      | Reached skill level 1 in Fighting
  2058 | D:2      | Reached skill level 3 in Fire Magic
  2058 | D:2      | Reached XP level 3. HP: 28/28 MP: 4/8
  3000 | D:2      | Noticed Natasha
  3006 | D:2      | Killed Natasha
  3007 | D:2      | Reached XP level 4. HP: 35/35 MP: 6/10
  3095 | D:2      | Noticed Jessica
  3109 | D:2      | Killed Jessica
  3436 | D:2      | Noticed Natasha
  3443 | D:2      | Killed Natasha
  3472 | D:2      | Noticed Natasha
  3481 | D:2      | Killed Natasha
  3482 | D:2      | Reached XP level 5. HP: 41/41 MP: 7/11
  4481 | D:3      | Noticed Grinder
  4503 | D:3      | Killed Grinder
  4504 | D:3      | Reached XP level 6. HP: 50/50 MP: 2/13
  4508 | D:3      | Learned a level 3 spell: Conjure Flame
  4512 | D:3      | Learned a level 3 spell: Inner Flame
  4982 | D:4      | Identified the +1 leather armour of Vanity {*Corrode rC+
                  | Dex+6 SInv}
  5011 | D:4      | Reached skill level 4 in Fire Magic
  5273 | D:4      | Reached XP level 7. HP: 56/56 MP: 4/15
  5892 | D:5      | Entered Level 5 of the Dungeon
  5937 | D:5      | Learned a level 4 spell: Flame Wave
  6032 | D:5      | Found a staircase to the Ecumenical Temple.
  6098 | Temple   | Entered the Ecumenical Temple
  6847 | D:5      | Reached XP level 8. HP: 66/66 MP: 10/17
  7086 | D:6      | Found a runed translucent gate.
  7087 | D:6      | Found a runed translucent gate.
  7087 | D:6      | Found a runed translucent gate.
  7087 | D:6      | Noticed kaladindcss's ghost (novice MiFi)
  7245 | D:6      | You fall into a shaft and drop 2 floors!
  7309 | D:7      | Reached skill level 5 in Fire Magic
  7392 | D:7      | Found a sand-covered staircase.
  7506 | Ossuary  | Entered an ossuary
  8134 | Ossuary  | Reached skill level 5 in Dodging
  8915 | D:7      | Noticed Maggie
  8915 | D:7      | Paralysed by Maggie for 4 turns
  8931 | D:7      | Killed Maggie
  8932 | D:7      | Reached skill level 5 in Spellcasting
  8932 | D:7      | Reached skill level 5 in Conjurations
  8932 | D:7      | Reached XP level 9. HP: 57/73 MP: 9/20
  9284 | D:7      | Reached skill level 5 in Fighting
  9741 | D:6      | Reached skill level 6 in Fire Magic
  9816 | D:6      | Identified the +5 mace of Gesmapp {vorpal, *Slow rElec
                  | Stlth+}
 10528 | D:8      | Noticed a death yak
 10533 | D:8      | Noticed a death yak
 11425 | D:8      | Noticed a death yak
 11444 | D:8      | Killed a death yak
 11906 | D:8      | Reached XP level 10. HP: 61/83 MP: 7/22
 11961 | D:8      | Noticed Grum
 11975 | D:8      | Killed Grum
 12414 | D:8      | Found a staircase to the Lair.
 12636 | D:7      | HP: 2/83 [death yak (14)]
 13007 | D:8      | Killed a death yak
 13008 | D:8      | Reached skill level 7 in Fire Magic
 13334 | D:9      | Noticed Psyche
 13342 | D:9      | Killed Psyche
 14049 | D:9      | Noticed Gastronok
 14080 | D:9      | Killed Gastronok
 14915 | D:10     | Entered Level 10 of the Dungeon
 15897 | D:10     | Found a staircase to the Orcish Mines.
 15983 | D:10     | Reached XP level 11. HP: 86/91 MP: 19/25
 16521 | D:10     | Noticed a two-headed ogre
 16527 | D:10     | Killed a two-headed ogre
 16528 | D:10     | Reached skill level 8 in Fire Magic
 17002 | D:10     | Found Xenoolee's Weapon Shop.
 17351 | D:10     | Found a portal to a secret trove of treasure.
 17473 | D:10     | Identified 3 scrolls of acquirement
 17473 | D:10     | Acquired the +0 buckler "Deid" {rElec}
 17480 | D:10     | Acquired the Reference Book on Conjuration
 17487 | D:10     | Learned a level 4 spell: Sticky Flame
 17493 | D:10     | Learned a level 5 spell: Fireball
 17493 | D:10     | Acquired an amulet of regeneration
 17557 | Lair:1   | Entered Level 1 of the Lair of Beasts
 17767 | Lair:1   | Noticed a seven-headed hydra
 17787 | Lair:1   | Killed a seven-headed hydra
 17788 | Lair:1   | Reached skill level 1 in Armour
 17788 | Lair:1   | Reached skill level 1 in Shields
 17831 | Lair:1   | Found a gate leading to a gauntlet.
 17832 | Lair:1   | Noticed Urug
 17860 | Lair:1   | Killed Urug
 17893 | Gauntlet | Entered a Gauntlet
 17893 | Gauntlet | Found a transporter.
 17893 | Gauntlet | Found a large runed translucent door.
 17893 | Gauntlet | Found a large runed translucent door.
 17893 | Gauntlet | Found a large runed translucent door.
 17893 | Gauntlet | Found a large runed translucent door.
 17893 | Gauntlet | Found a runed translucent door.
 17893 | Gauntlet | Found a runed translucent door.
 17893 | Gauntlet | Found a large runed translucent door.
 17893 | Gauntlet | Found a large runed translucent door.
 17893 | Gauntlet | Found a large runed translucent door.
 17893 | Gauntlet | Found a large runed translucent door.
 17893 | Gauntlet | Found a large runed translucent door.
 17893 | Gauntlet | Found a large runed translucent door.
 17977 | Gauntlet | Found a large runed translucent door.
 17977 | Gauntlet | Found a large runed translucent door.
 17989 | Gauntlet | Found a transporter.
 18000 | Gauntlet | Found a transporter.
 18005 | Gauntlet | Found a transporter.
 18020 | Gauntlet | Found a transporter.
 18039 | Gauntlet | Found a transporter.
 18047 | Gauntlet | Noticed an entropy weaver
 18051 | Gauntlet | Found a transporter.
 18057 | Gauntlet | Found a transporter.
 18072 | Gauntlet | Found a transporter.
 18078 | Gauntlet | Found a transporter.
 18078 | Gauntlet | Noticed a death yak
 18078 | Gauntlet | Noticed a death yak
 18086 | Gauntlet | Noticed a necromancer
 18086 | Gauntlet | Noticed a death yak
 18093 | Gauntlet | Found a transporter.
 18102 | Gauntlet | Noticed a great orb of eyes
 18105 | Gauntlet | Found a transporter.
 18111 | Gauntlet | Found a transporter.
 18111 | Gauntlet | Found a transporter.
 18150 | Gauntlet | Found a transporter.
 18169 | Gauntlet | Found a large runed translucent door.
 18169 | Gauntlet | Found a large runed translucent door.
 18173 | Gauntlet | Found a runed translucent gate.
 18173 | Gauntlet | Found a runed translucent gate.
 18173 | Gauntlet | Found a runed translucent gate.
 18175 | Gauntlet | Found a transporter.
 18181 | Gauntlet | Found a transporter.
 18181 | Gauntlet | Noticed a death yak
 18191 | Gauntlet | Found a large runed translucent door.
 18192 | Gauntlet | Found a large runed translucent door.
 18205 | Gauntlet | Found a transporter.
 18532 | Gauntlet | Noticed a death yak
 18537 | Gauntlet | Noticed a death yak
 18754 | Gauntlet | Identified the +0 pair of boots "Qoynuodgh" {Harm Dex+2}
 18883 | Gauntlet | Noticed a minotaur
 18891 | Gauntlet | Killed a minotaur
 19324 | Lair:1   | Reached XP level 12. HP: 101/101 MP: 24/28
 19857 | Lair:2   | Found a staircase to the Swamp.
 19860 | Lair:2   | Reached skill level 9 in Fire Magic
 20251 | Lair:2   | Found a staircase to the Snake Pit.
 22251 | Lair:4   | Reached skill level 10 in Fire Magic
 23449 | Lair:4   | Identified the +0 leather armour "Gutiymm" {rF+}
 24229 | Lair:5   | Found a staircase to the Slime Pits.
 24694 | Lair:6   | Entered Level 6 of the Lair of Beasts
 24765 | Lair:6   | Reached skill level 10 in Conjurations
 24889 | Slime:1  | Entered Level 1 of the Pits of Slime
 24889 | Slime:1  | Noticed a rockslime
 24889 | Slime:1  | You fall into a shaft and drop 1 floor!
 25022 | Lair:5   | Reached XP level 13. HP: 46/107 MP: 13/31
 26873 | Lair:6   | Reached skill level 10 in Spellcasting
 26873 | Lair:6   | Reached skill level 11 in Fire Magic
 27224 | Lair:6   | Found the ring of the Hare {EV+8}
 27225 | Lair:6   | Found a one-way gate to the infinite horrors of the Abyss.
 27802 | D:6      | Killed kaladindcss's ghost
 30051 | D:11     | Got Xuymire's Guide on Flames
 30058 | D:11     | Identified the +0 pair of gloves "Geqog" {Str+2}
 30172 | D:11     | Identified the +9 dagger "Suennunk" {protect, Dex+3}
 30288 | D:12     | Noticed Jorgrun
 30459 | D:12     | Noticed Maurice
 30474 | D:12     | Killed Maurice
 30709 | D:12     | Reached skill level 12 in Fire Magic
 30709 | D:12     | Reached XP level 14. HP: 57/115 MP: 20/33
 31012 | D:12     | Noticed Lodul
 31020 | D:12     | Killed Lodul
 31028 | D:12     | Killed Jorgrun
 33186 | D:14     | Reached skill level 1 in Evocations
 33247 | D:14     | Found a gate to the Vaults.
 33436 | D:14     | Noticed an ironbound preserver
 33448 | D:14     | Killed an ironbound preserver
 33626 | D:14     | Noticed Kirke
 33639 | D:14     | Killed Kirke
 34001 | D:14     | Identified Roxanne's Volume of Transformation
 34001 | D:14     | Noticed Roxanne
 34132 | D:14     | Reached skill level 5 in Evocations
 34424 | D:15     | Entered Level 15 of the Dungeon
 34454 | D:15     | Found Losilecw's Magic Scroll Shop.
 35442 | D:15     | Reached XP level 15. HP: 121/121 MP: 23/35
 35500 | D:15     | Found a staircase to the Depths.
 35909 | D:15     | Learned a level 8 spell: Ignition
 36090 | Snake:1  | Entered Level 1 of the Snake Pit
 36275 | Snake:1  | Found a runed translucent door.
 36277 | Snake:1  | Noticed a nagaraja
 36681 | Lair:2   | Learned a level 4 spell: Airstrike
 36986 | Snake:1  | Reached skill level 1 in Air Magic
 37143 | Snake:1  | Noticed a tentacled monstrosity
 37275 | Lair:2   | Killed a tentacled monstrosity
 37276 | Lair:2   | Reached skill level 13 in Fire Magic
 38316 | Snake:1  | Noticed a thorn hunter
 38322 | Snake:1  | Killed a thorn hunter
 38704 | Snake:1  | Noticed a tentacled monstrosity
 38722 | Snake:1  | HP: 6/121 [tentacled monstrosity (9)]
 38722 | Snake:1  | Constricted to death by a tentacled monstrosity

Illustrated notes

Levels and vault maps discovered:
D:1:      dpeg_arrival_another_circle, layout_loops_ring
D:2:      layout_basic, shapermc_ecumenical_altar_mp_ritualfount,
          palyth_stone_intersect, minmay_octomino_e4, uniq_natasha,
          uniq_jessica, uniq_robin
D:3:      layout_rooms, wad_floor_pattern_untrapped, minmay_misc_feat_pillars,
          minmay_misc_feat_rugged, uniq_grinder
D:4:      layout_rooms
D:5:      layout_basic, minmay_temple_entry_waves
D:6:      layout_loops_ring, ebering_ghost_rock_garden
D:7:      layout_basic, okawaru_altar_gauntlet_db,
          nicolae_ossuary_entry_monument, uniq_maggie
D:8:      layout_cave_pools, dpeg_lair_monsters, uniq_grum
D:9:      layout_basic, nrook_pool_corridor, supply_closet_lemuel,
          uniq_gastronok, uniq_psyche
D:10:     layout_loops_ring, erik_orc_1, nicolae_trove_entry_path_of_doom,
          serial_shops, shop_statue, minmay_strange_pillars
D:11:     minmay_the_grid_square_5x5_4x4 [minmay_the_grid_square_5x5_six_small,
          minmay_the_grid_square_5x5_tri_point,
          minmay_the_grid_square_5x5_inverted_slash,
          minmay_the_grid_square_5x5_inner_z,
          minmay_the_grid_square_5x5_beaten_path,
          minmay_the_grid_square_5x5_prize_rear_guard,
          minmay_the_grid_square_5x5_prize_open,
          minmay_the_grid_square_5x5_two_walls_b,
          minmay_the_grid_square_5x5_bridge,
          minmay_the_grid_square_5x5_prize_snowflake,
          minmay_the_grid_square_5x5_prize_itemx,
          minmay_the_grid_square_5x5_shrine1, minmay_the_grid_square_5x5_two,
          minmay_the_grid_square_5x5_hollow_slash,
          minmay_the_grid_square_5x5_seven,
          minmay_the_grid_square_5x5_gyroscope], layout_long_grid,
          nzn_sisyphean_effort
D:12:     layout_basic, uniq_maurice, uniq_jorgrun, uniq_lodul
D:13:     layout_basic
D:14:     layout_irregular_city, skrybe_vaults_entry_preservation,
          roderic_roman_lattice, uniq_kirke, uniq_roxanne
D:15:     hangedman_depths_entry_try_elsewhere_first, layout_basic,
          serial_shops, shop_fountains, serial_glass, glass_columns_b,
          glass_columns_a, fiery_altar_vehumet, cheibrodos_ashenzari_chains
Temple:   mainiacjoe_temple_circle_huts
Lair:1:   layout_long_grid, gauntlet_entry_generic, beast_lair_carwin_5,
          grunt_megastairs_4, uniq_urug
Lair:2:   layout_chaotic_city, minmay_swamp_entry_worms,
          guppyfry_snake_entry_garden, lemuel_old_faithful
Lair:3:   layout_roguey, enter_volcano_3, serial_bayou_lake_a
Lair:4:   layout_cave_pods
Lair:5:   layout_gridlike, minmay_slime_entry_pillars, lemuel_oklob_altar
Lair:6:   hellmonk_lair_end_abyssal_woods, layout_gridlike,
          infiniplex_staircase_pool_2, lemuel_fruit_tree
Snake:1:  onia_ninara_swampy_vault, layout_onion, lightli_airlock, uniq_azrael
Slime:1:  layout_caves
Slime:2:  layout_caves, nicolae_slime_barrier

Skill      XL: |  1  2  3  4  5  6  7  8  9 10 11 12 13 14 15 |
---------------+----------------------------------------------+-----
Conjurations   | 1 2 3 5 6 7 8 10 11 12 | 12.6
Dodging        | 2 3 4 5 6 7 8 |  8.0
Spellcasting   | 2 3 4 5 6 7 9 10 11 12 | 12.0
Fighting       | 1 2 3 4 6 7 8 |  8.0
Fire Magic     | 3 4 5 6 7 8 10 12 13 | 13.4
Armour         | 3 4 |  4.0
Shields        | 3 |  3.0
Evocations     | 7 8 |  8.0
Air Magic      | 3 |  3.8
Stealth        | |  1.7

Action                   |  1- 3 |  4- 6 |  7- 9 | 10-12 | 13-15 || total
-------------------------+-------+-------+-------+-------+-------++-------
Melee: Unarmed           |    14 |     7 |       |       |       ||    21
       Staff             |       |       |    14 |    20 |    34 ||    68
 Cast: Foxfire           |    93 |   101 |   285 |   353 |   501 ||  1333
       Scorch            |    10 |    16 |    44 |   114 |   202 ||   386
       Flame Wave        |       |       |     7 |    30 |    82 ||   119
       Conjure Flame     |       |       |     5 |    20 |    16 ||    41
       Inner Flame       |       |       |     1 |    20 |    21 ||    42
       Fireball          |       |       |       |    20 |    33 ||    53
       Sticky Flame      |       |       |       |       |    21 ||    21
       Airstrike         |       |       |       |       |    14 ||    14
Evoke: Wand              |       |       |     1 |     4 |    37 ||    42
       Tin of tremorston |       |       |       |       |     1 ||     1
       Condenser vane    |       |       |       |       |     1 ||     1
  Use: Potion            |     1 |       |       |     7 |     2 ||    10
       Scroll            |     1 |     3 |    17 |    11 |     7 ||    39
Armor: Robe              |    18 |    14 |       |       |       ||    32
       Leather armour    |       |       |    32 |    90 |   217 ||   339
       Swamp dragon scal |       |       |       |       |    55 ||    55
Dodge: Dodged            |    49 |    39 |   113 |   282 |   824 ||  1307
Block: Buckler           |       |       |       |    49 |   256 ||   305

Table legend: (Time is in decaauts)
 A = Elapsed time spent in this place.
 B = Non-inter-level travel time spent in this place.
 C = Inter-level travel time spent in this place.
 D = Time resting spent in this place.
 E = Time spent auto-exploring this place.
 F = Levels seen in this place.
 G = Mean time per level.
                   A        B        C        D        E       F      G
               +--------+--------+--------+--------+--------+-----+--------+
         Total |  38900 |  36749 |   2151 |   4546 |  25411 |  27 | 1440.7 |
       Dungeon |  25158 |  23802 |   1356 |   2206 |  17677 |  15 | 1677.2 |
        Temple |    101 |     98 |      3 |      2 |     94 |   1 |  101.0 |
          Lair |   9424 |   8679 |    745 |   1615 |   5402 |   6 | 1570.7 |
     Snake Pit |   2322 |   2276 |     46 |    305 |   1299 |   1 | 2322.0 |
    Slime Pits |      9 |      9 |      0 |      0 |      0 |   2 |    4.5 |
       Ossuary |    759 |    759 |      0 |     36 |    574 |   1 |  759.0 |
      Gauntlet |   1124 |   1124 |      0 |    382 |    364 |   1 | 1124.0 |
               +--------+--------+--------+--------+--------+-----+--------+

Top non-repeatable levels by time:
    D:10: 2608 daAuts
     D:7: 2599 daAuts
    D:11: 2470 daAuts
  Lair:6: 2445 daAuts
 Snake:1: 2322 daAuts
     D:2: 2060 daAuts
     D:8: 2019 daAuts
     D:1: 1995 daAuts
  Lair:4: 1944 daAuts
     D:9: 1755 daAuts
    D:14: 1668 daAuts
    D:15: 1452 daAuts
  Lair:3: 1401 daAuts
    D:12: 1341 daAuts
     D:6: 1287 daAuts
